 Dungeon Crawl Stone Soup version 0.29.1-15-g9cfb28693d (webtiles) character file.

Game seed: 12886678966535826884

296 HOAXBANE the Sneak (level 6, -5/44 HPs)
             Began as a Human Artificer on Mar 4, 2023.
             Slain by an ogre
             ... wielding a +0 giant spiked club
              (34 damage)
             ... on level 3 of the Dungeon.
             The game lasted 00:20:29 (2927 turns).

HOAXBANE the Sneak (Human Artificer)                Turns: 2927, Time: 00:20:33

Health: -5/44      AC:  6    Str: 12    XL:     6   Next: 62%
Magic:  6/6        EV: 12    Int: 12    God:
Gold:   184        SH:  5    Dex: 15    Spells: 5/5 levels left

rFire   . . .      SeeInvis .   a - +3 dagger
rCold   . . .      Faith    .   (no shield)
rNeg    . . .      Spirit   .   n - +2 animal skin
rPois   .          Reflect  +   f - +0 helmet
rElec   .          Harm     .   (no cloak)
rCorr   .          Rampage  .   (no gloves)
Will    .....                   q - +0 pair of boots
Stlth   +++.......              l - amulet of reflection
HPRegen 0.14/turn               (no ring)
MPRegen 0.10/turn               (no ring)

@: no status effects
A: no striking features
a: no special abilities


You were on level 3 of the Dungeon.
You visited 1 branch of the dungeon, and saw 3 of its levels.

You collected 184 gold pieces.

Inventory:

Hand Weapons
 a - a +3 dagger (weapon)
 o - a +0 sling
Missiles
 b - 3 javelins
 g - 4 poisoned darts (quivered)
Armour
 f - a +0 helmet (worn)
 n - a +2 animal skin (worn)
 q - a +0 pair of boots (worn)
Jewellery
 l - an amulet of reflection (around neck)
Wands
 c - a wand of flame (3)
 d - a wand of charming (15)
 e - a wand of iceblast (5)
 p - a wand of digging (4)
Scrolls
 h - a scroll of identify {unknown}
 i - 2 scrolls of butterflies
 j - a scroll of teleportation {unknown}
 m - a scroll of torment {unknown}
 r - a scroll of enchant armour {unknown}
 s - a scroll of amnesia {unknown}
Potions
 k - a potion of degeneration {unknown}
 t - a potion of attraction {unknown}


   Skills:
 + Level 2.0 Fighting
 - Level 1.0 Short Blades
 - Level 2.0 Armour
 - Level 2.0 Dodging
 - Level 6.0 Stealth
 - Level 3.0 Evocations


You had 5 spell levels left.
You didn't know any spells.
Your spell library contained the following spells:

 Spells                   Type           Power      Damage    Failure   Level
 Foxfire                  Conj/Fire      0%         2x1d4     32%         1


Dungeon Overview and Level Annotations

Branches:
Dungeon (3/15)

Altars:


Message History

s - a scroll labelled XINAISTREUTHA You now have 125 gold pieces (gained 14).
You now have 134 gold pieces (gained 9).
There is a fountain of sparkling water here.
You now have 149 gold pieces (gained 15).
You now have 157 gold pieces (gained 8).
You now have 164 gold pieces (gained 7).
You now have 173 gold pieces (gained 9).
t - a silvery potion You now have 184 gold pieces (gained 11).
An ogre comes into view. It is wielding a +0 giant spiked club.
Unknown command.
The ogre shouts!
Aiming: Throw Flame
Press: ? - help, Shift-Dir - straight line, f - ogre
Aim: an ogre, wielding a +0 giant spiked club (86% to hit)
The puff of flame hits the ogre!
The ogre is moderately wounded.
Aiming: Throw Flame
Press: ? - help, Shift-Dir - straight line, f/p - ogre
Aim: an ogre, wielding a +0 giant spiked club (moderately wounded, 86% to hit)
The puff of flame hits the ogre!
The ogre is severely wounded.
You completely miss the ogre.
The ogre is severely wounded.
The ogre hits you with a +0 giant spiked club!
The ogre attacks as you move away! The ogre misses you.
Aiming: Throw Flame
Press: ? - help, Shift-Dir - straight line, f/p - ogre
Aim: an ogre, wielding a +0 giant spiked club (severely wounded, 86% to hit)
The puff of flame hits the ogre.
The ogre is severely wounded.
Aiming: Throw Flame
Press: ? - help, Shift-Dir - straight line, f/p - ogre
Aim: an ogre, wielding a +0 giant spiked club (severely wounded, 86% to hit)
The puff of flame hits the ogre.
The ogre is almost dead.
The ogre hits you with a +0 giant spiked club!!
Ouch! That really hurt!
You die...

#.. #.#.#....+
#.#.#....### ##
#.#.#.......
....###.#.#.......
#...............
#######.#.#.######
...# #.#.#.#
#.#####.###.#.#.#
#.......O@......#
#############.###
###


You could see an ogre.

Vanquished Creatures
  Sigmund (D:2)
  An orc priest (D:2)
  An orc wizard (D:3)
  Robin (D:2)
  2 dart slugs (D:1)
  3 orcs
  6 ball pythons
  2 endoplasms
  3 giant cockroaches
  15 goblins
  5 hobgoblins
  A quokka (D:1)
  5 bats
  8 kobolds
  6 rats
60 creatures vanquished.

Vanquished Creatures (others)
  A fungus (D:1)
  13 plants
14 creatures vanquished.

Grand Total: 74 creatures vanquished

Notes
Turn   | Place    | Note
-------+----------+-------------------------------------------
     0 | D:1      | HOAXBANE the Human Artificer began the quest for the Orb.
     0 | D:1      | Reached XP level 1. HP: 15/15 MP: 1/1
    60 | D:1      | Reached XP level 2. HP: 12/21 MP: 2/2
   430 | D:1      | Reached skill level 1 in Short Blades
   507 | D:1      | Reached XP level 3. HP: 14/26 MP: 3/3
   662 | D:1      | Found a faded altar of an unknown god.
   675 | D:1      | Got Plato's Guidebook on the Pyromaniac
   733 | D:1      | Reached skill level 2 in Stealth
  1340 | D:2      | Noticed Robin
  1357 | D:2      | Reached skill level 3 in Stealth
  1357 | D:2      | Reached XP level 4. HP: 27/32 MP: 4/4
  1365 | D:2      | Killed Robin
  1667 | D:2      | Noticed Sigmund
  1935 | D:2      | Killed Sigmund
  1936 | D:2      | Reached skill level 5 in Stealth
  1936 | D:2      | Reached XP level 5. HP: 36/37 MP: 5/5
  1936 | D:2      | Reached XP level 6. HP: 42/43 MP: 6/6
  2604 | D:3      | Reached skill level 6 in Stealth
  2916 | D:3      | Noticed an ogre
  2927 | D:3      | Slain by an ogre

Illustrated notes

Levels and vault maps discovered:
D:1:      matt_arrival_grand_opening, layout_basic, serial_glass,
          glass_columns_b, glass_columns_a, shapermc_ecumenical_altar_rom_forum
D:2:      layout_basic, uniq_robin, uniq_sigmund
D:3:      layout_loops_ring, mainiacjoe_overflow_tiny_flanked, serial_bayou,
          serial_bayou_ford_a, serial_bayou_lagoon_a, serial_bayou_pond_d,
          serial_bayou_pond_d, corexii_shack, kennysheep_decorative_pillar,
          dreamdust_wishing_well

Skill      XL: |  1  2  3  4  5  6 |
---------------+-------------------+-----
Dodging        | 2 |  2.0
Short Blades   | 1 |  1.0
Stealth        | 3 5 6 |  6.0
Fighting       | 2 |  2.0
Armour         | |  2.0
Evocations     | |  3.0

Action                   |  1- 3 |  4- 6 || total
-------------------------+-------+-------++-------
Melee: Mace              |     9 |       ||     9
       Dagger            |    98 |    76 ||   174
       Punch             |       |     1 ||     1
Throw: Javelin           |     2 |     3 ||     5
       Dart              |       |     1 ||     1
Evoke: Wand              |       |    12 ||    12
  Use: Scroll            |       |     1 ||     1
 Stab: Sleeping          |     3 |       ||     3
Armor: Leather armour    |    20 |     4 ||    24
       Animal skin       |       |     9 ||     9
Dodge: Dodged            |    72 |    51 ||   123
Block: Other             |     7 |    15 ||    22
       Reflection        |     2 |       ||     2
